 Dungeon Crawl Stone Soup version 0.22.1-6-g1668fe2c40 (webtiles) character file.

1466 Forgol the Poker (level 8, -6/62 HPs)
             Began as a Demonspawn Abyssal Knight on Jan 27, 2019.
             Was a Priest of Lugonu.
             Mangled by an orc warrior
             ... wielding a +0 trident
              (11 damage)
             ... on level 6 of the Dungeon.
             The game lasted 00:15:14 (7219 turns).

Forgol the Poker (Demonspawn Abyssal Knight)        Turns: 7219, Time: 00:15:15

Health: -6/62      AC:  8    Str: 16    XL:     8   Next: 48%
Magic:  12/12      EV: 15    Int: 13    God:    Lugonu [***...]
Gold:   370        SH:  0    Dex: 12    Spells: 7/7 levels left

rFire    + . .     SeeInvis .   a - +3 spear
rCold    . . .     Gourm    .   (no shield)
rNeg     . . .     Faith    .   h - +3 leather armour {rF+}
rPois    .         Spirit   .   (helmet restricted)
rElec    .         Reflect  .   (no cloak)
rCorr    .         Harm     .   p - +1 pair of gloves
MR       .....                  (no boots)
Stlth    +.........             (no amulet)
HPRegen  0.20/turn              (no ring)
MPRegen  0.13/turn              (no ring)

@: drained
A: antennae 1, repulsion field 2, demonic guardian 1
a: Depart the Abyss, Bend Space, Banish, Renounce Religion


You were on level 6 of the Dungeon.
You worshipped Lugonu.
Lugonu was most pleased with you.
You were hungry.

You visited 1 branch of the dungeon, and saw 6 of its levels.
You visited the Abyss 1 time.

You collected 370 gold pieces.

Inventory:

Hand Weapons
 a - a +3 spear (weapon)
Missiles
 d - 205 stones (quivered)
Armour
 b - a +0 leather armour
 h - a +3 leather armour of fire resistance (worn)
 i - a cursed +0 helmet
 p - a +1 pair of gloves (worn)
Jewellery
 g - a +4 ring of intelligence {unknown}
 t - an uncursed ring of wizardry
Wands
 k - a wand of random effects (33)
Scrolls
 e - 3 scrolls of teleportation
 f - 3 scrolls of magic mapping
 n - a scroll of fog {unknown}
 o - 2 scrolls of enchant armour
Potions
 j - a potion of degeneration {unknown}
 l - a potion of curing
 m - a potion of heal wounds {unknown}
 q - a potion of ambrosia
 r - 2 potions of flight
 s - a potion of haste {unknown}
Comestibles
 c - 6 rations


   Skills:
 + Level 5.2(4.3) Fighting
 * Level 5.9(5.0) Polearms
 + Level 4.2(3.3) Armour
 + Level 3.8(3.0) Dodging
 + Level 5.8(4.9) Invocations


You had 7 spell levels left.
You didn't know any spells.
Your spell library was empty.

Dungeon Overview and Level Annotations

Branches:
Dungeon (6/15)             Temple (0/1) D:4

Altars:
Gozag
Kikubaaqudgha
Qazlal
Ru

Annotations:
D:5 2 transporters


Innate Abilities, Weirdness & Mutations

You have a pair of small antennae on your head.
You are surrounded by a moderate repulsion field. (EV +3)
A weak demonic guardian rushes to your aid.


Message History

Your quasit disappears in a puff of smoke!
Items here: ))) [[[ You feel better.
The jelly barely misses you.
You barely miss the jelly.
The jelly is severely wounded.
The jelly hits you but does no damage.
You hit the jelly but do no damage.
Your hands burn!
* * * LOW HITPOINT WARNING * * *
The jelly is severely wounded.
The jelly jiggles.
The jelly barely misses you.
You are feeling hungry.
You hit the jelly.
You kill the jelly!
Lugonu accepts your kill.
The orc warrior hits you from afar with a trident!
* * * LOW HITPOINT WARNING * * *
The orc warrior hits you with a trident!
You die...

.#.....#.# #..........#
.#.≈≈≈.#.# #..........#
#≈...≈#.## #..........########
#≈._.≈#..#######.####...........
#≈...≈#.........................
.#.≈≈≈.#..........####...........
.#.....#.######### #...........
..#...#.##############...........
...#.#........)o@.5.........>....
....#...##############...........
........# ##### #######..###
........# #...###########..#
........# #...#............###
........######...#..............)
.................#.............##
#...#.J..........#...........#.##
#...#............#...........#..#


You could see an orc warrior and a friendly iron imp.

Vanquished Creatures
  Grinder (D:5)
  2 ice beasts (D:5)
  An ogre (D:4)
  A scorpion (D:6)
  5 wights (D:6)
  A crimson imp (D:4)
  A howler monkey (D:5)
  A quasit (D:4)
  2 jellies
  2 hounds
  2 orc wizards
  2 iguanas (D:5)
  4 worker ants
  A hound skeleton (D:4)
  A river rat (D:5)
  2 adders
  A shadow imp (D:5)
  A white imp (D:4)
  2 oozes
  A worm (D:5)
  6 dart slugs
  2 leopard geckos (D:5)
  5 orcs
  8 giant cockroaches
  7 hobgoblins
  4 quokkas
  2 ball pythons (D:2)
  8 bats
  3 frilled lizards
  7 goblins
  9 kobolds
  7 rats
102 creatures vanquished.

Vanquished Creatures (collateral kills)
  2 phantoms
  An ogre (D:4)
  A scorpion (D:5)
  A howler monkey (D:4)
  An orc (D:6)
  A giant cockroach (D:5)
7 creatures vanquished.

Vanquished Creatures (others)
  A human (D:2)
  2 starspawn tentacles (Abyss:1)
3 creatures vanquished.

Grand Total: 112 creatures vanquished

Notes
Turn   | Place    | Note
-------+----------+-------------------------------------------
     0 | Abyss:1  | Forgol the Demonspawn Abyssal Knight began the quest for
                  | the Orb.
     0 | Abyss:1  | Reached XP level 1. HP: 18/18 MP: 2/2
    28 | Abyss:1  | Noticed a tentacled starspawn
    54 | D:1      | Escaped the Abyss
   316 | D:1      | Reached skill level 1 in Dodging
   471 | D:1      | Gained mutation: You are surrounded by a mild repulsion
                  | field. (EV +2) [demonic ancestry]
   471 | D:1      | Reached XP level 2. HP: 20/24 MP: 3/3
  1204 | D:1      | You fall through a shaft!
  1242 | D:1      | HP: 1/24 [quokka (2)]
  1283 | D:1      | Reached ** piety under Lugonu
  1283 | D:1      | Gained mutation: A weak demonic guardian rushes to your
                  | aid. [demonic ancestry]
  1283 | D:1      | Reached XP level 3. HP: 5/29 MP: 5/5
  2239 | D:2      | Found an ancient bone altar of Kikubaaqudgha.
  2240 | D:2      | Noticed a human
  2243 | D:2      | Killed a human
  2455 | D:2      | Found an opulent altar of Gozag.
  3091 | D:3      | Gained mutation: You are surrounded by a moderate repulsion
                  | field. (EV +3) [demonic ancestry]
  3091 | D:3      | Reached XP level 4. HP: 34/35 MP: 6/6
  3573 | D:4      | Noticed an ogre
  3586 | D:4      | Gained mutation: You have a pair of small antennae on your
                  | head. [demonic ancestry]
  3586 | D:4      | Reached XP level 5. HP: 41/41 MP: 7/7
  3591 | D:4      | Killed an ogre
  3816 | D:4      | Found a stormy altar of Qazlal.
  3886 | D:4      | Found a staircase to the Ecumenical Temple.
  3892 | D:4      | Noticed an ogre
  3897 | D:4      | Reached XP level 6. HP: 48/48 MP: 8/8
  4545 | D:5      | Entered Level 5 of the Dungeon
  4548 | D:5      | Found a transporter.
  4588 | D:5      | Reached *** piety under Lugonu
  4687 | D:5      | Reached XP level 7. HP: 35/54 MP: 10/10
  4793 | D:5      | Found a transporter.
  4972 | D:5      | Noticed Grinder
  5014 | D:5      | Paralysed by Grinder for 2 turns
  5021 | D:5      | Killed Grinder
  5174 | D:5      | Reached skill level 5 in Polearms
  5174 | D:5      | Reached skill level 5 in Invocations
  5719 | D:5      | Reached XP level 8. HP: 47/61 MP: 11/11
  6645 | D:6      | Found a sacrificial altar of Ru.
  6695 | D:6      | Reached skill level 5 in Fighting
  7219 | D:6      | Mangled by an orc warrior

Skill      XL: |  1  2  3  4  5  6  7  8 |
---------------+-------------------------+-----
Dodging        | 1 2 3 |  3.8
Polearms       | 2 3 4 5 |  5.9
Armour         | 2 3 4 |  4.2
Invocations    | 3 4 5 |  5.8
Fighting       | 4 5 |  5.2

Action                   |  1- 3 |  4- 6 |  7- 9 || total
-------------------------+-------+-------+-------++-------
Melee: Spear             |   215 |   122 |   313 ||   650
Throw: Stone             |     2 |       |       ||     2
Invok: Bend Space        |     1 |       |     4 ||     5
  Use: Scroll            |     5 |     7 |     2 ||    14
       Potion            |       |       |     4 ||     4
 Stab: Sleeping          |     1 |     1 |       ||     2
  Eat: Chunk             |     4 |     3 |     3 ||    10
       Ration            |     1 |     1 |     1 ||     3
Armor: Leather armour    |    59 |    24 |    41 ||   124
Dodge: Dodged            |   125 |    53 |   145 ||   323
